CAL (WIN)
STOCKTON PORTS @ DUNEDIN BLUE JAYS
11/28/2046
 
TOP OF THE 1ST
Stockton Ports batting - Pitching for Dunedin Blue Jays : RHP Ron Kehoe
Pitching: RHP Ron Kehoe
Batting: RHB Matt Sherard 0-0: SINGLE (Line Drive, 7S, EV 93.1 MPH)
Batting: LHB Tomas Segarra 0-0: Ball
1-0: Ball
Matt Sherard steals 2nd base
2-0: Ball
3-0: Called Strike
3-1: Called Strike
3-2: SINGLE (Groundball, 4MD, EV 104.4 MPH) (infield hit)
Matt Sherard to third
Batting: RHB Scott Wiggs 0-0: Called Strike
0-1: Foul Ball, location: 2F
0-2: Foul Ball, location: 2F
0-2: Foul Ball, location: 2F
0-2: Ball
1-2: Foul Ball, location: 2F
1-2: Strikes out looking
Batting: LHB Gregg Power 0-0: Fly out, F7 (Flyball, 78S, EV 82.5 MPH)
Batting: LHB Alejandro Muniz 0-0: Called Strike
0-1: Called Strike
0-2: Ball
1-2: Foul Ball, location: 2F
1-2: Foul Ball, location: 2F
1-2: Ball
2-2: Ball
3-2: Base on Balls
Tomas Segarra to second
Batting: LHB Felipe Gomez 0-0: Foul Ball, location: 2F
0-1: Ball
1-1: Ball
2-1: Called Strike
2-2: Ball
3-2: Fly out, F8 (Flyball, 78M, EV 97.5 MPH)
Top of the 1st over - 0 runs, 2 hits, 0 errors, 3 left on base; Stockton 0 - Dunedin 0
BOTTOM OF THE 1ST
Dunedin Blue Jays batting - Pitching for Stockton Ports : RHP Victor Sanchez
Pitching: RHP Victor Sanchez
Batting: RHB Justin Geiger 0-0: Ball
1-0: Ball
2-0: Called Strike
2-1: Foul Ball, location: 2F
2-2: Ground out 6-3 (Groundball, 6, EV 90.0 MPH)
Batting: LHB Roger Escareno 0-0: Foul Ball, location: 2F
0-1: Ball
1-1: Foul Ball, location: 2F
1-2: Strikes out swinging
Batting: RHB Bill Murray 0-0: Called Strike
0-1: Ball
1-1: Called Strike
1-2: DOUBLE (Line Drive, 7LS, EV 113.8 MPH)
Batting: LHB Frank Nelson 0-0: Ball
1-0: Foul Ball, location: 2F
1-1: Swinging Strike
1-2: Ball
2-2: 2-RUN HOME RUN (Flyball, 7D, EV 105.0 MPH), Distance : 384 ft
Batting: RHB Norm Mercer 0-0: Ball
1-0: Ball
2-0: Foul Ball, location: 2F
2-1: Foul Ball, location: 2F
2-2: Foul Ball, location: 2F
2-2: Foul Ball, location: 2F
2-2: Fly out, F8 (Flyball, 8RD, EV 96.9 MPH)
Bottom of the 1st over - 2 runs, 2 hits, 0 errors, 0 left on base; Stockton 0 - Dunedin 2
TOP OF THE 2ND
Stockton Ports batting - Pitching for Dunedin Blue Jays : RHP Ron Kehoe
Batting: RHB Chris Temple 0-0: Called Strike
0-1: Swinging Strike
0-2: Ball
1-2: Strikes out looking
Batting: RHB Manny Moron 0-0: Called Strike
0-1: Ball
1-1: Swinging Strike
1-2: Strikes out swinging
Batting: RHB Travis Robinson 0-0: Called Strike
0-1: Foul Ball, location: 2F
0-2: Strikes out swinging
Top of the 2nd over - 0 runs, 0 hits, 0 errors, 0 left on base; Stockton 0 - Dunedin 2
BOTTOM OF THE 2ND
Dunedin Blue Jays batting - Pitching for Stockton Ports : RHP Victor Sanchez
Batting: RHB Tokuji Kawabata 0-0: Fly out, F3 (Popup, 3L, EV 81.2 MPH)
Batting: RHB Taylor Peavey 0-0: Foul Ball, location: 2F
0-1: Ball
1-1: Ball
2-1: Ground out 6-3 (Groundball, 6D, EV 81.9 MPH)
Batting: SHB Dominik Hasek II 0-0: Ball
1-0: Fly out, F8 (Flyball, 78D, EV 100.6 MPH)
Bottom of the 2nd over - 0 runs, 0 hits, 0 errors, 0 left on base; Stockton 0 - Dunedin 2
TOP OF THE 3RD
Stockton Ports batting - Pitching for Dunedin Blue Jays : RHP Ron Kehoe
Batting: RHB Matt Sherard 0-0: Called Strike
0-1: Called Strike
0-2: Ball
1-2: SINGLE (Flyball, 34D, EV 85.0 MPH)
Batting: LHB Tomas Segarra 0-0: Ball
1-0: Foul Ball, location: 2F
1-1: Ball
2-1: Fielders Choice at 2nd, 4-6 (Groundball, 34D, EV 93.1 MPH)
Batting: RHB Scott Wiggs 0-0: Ball
1-0: Ball
2-0: Swinging Strike
2-1: Called Strike
Tomas Segarra is caught stealing 2nd base 2-4
2-2: Strikes out swinging
Top of the 3rd over - 0 runs, 1 hit, 0 errors, 0 left on base; Stockton 0 - Dunedin 2
BOTTOM OF THE 3RD
Dunedin Blue Jays batting - Pitching for Stockton Ports : RHP Victor Sanchez
Batting: RHB Bobby Lasaguna 0-0: Foul Ball, location: 2F
0-1: Ground out 6-3 (Groundball, 6, EV 101.9 MPH)
Batting: RHB Justin Geiger 0-0: Ground out 6-3 (Groundball, 6, EV 90.0 MPH)
Batting: LHB Roger Escareno 0-0: Ball
1-0: Hit by Pitch
Batting: RHB Bill Murray 0-0: Called Strike
0-1: Ball
Roger Escareno is caught stealing 2nd base 2-4
Bottom of the 3rd over - 0 runs, 0 hits, 0 errors, 0 left on base; Stockton 0 - Dunedin 2
TOP OF THE 4TH
Stockton Ports batting - Pitching for Dunedin Blue Jays : RHP Ron Kehoe
Batting: LHB Gregg Power 0-0: Ball
1-0: Called Strike
1-1: Fly out, F6 (Flyball, 4D, EV 80.0 MPH)
Batting: LHB Alejandro Muniz 0-0: Ball
1-0: Called Strike
1-1: Called Strike
1-2: Foul Ball, location: 2F
1-2: Ball
2-2: Fly out, F8 (Flyball, 78M, EV 96.9 MPH)
Batting: LHB Felipe Gomez 0-0: Fly out, F8 (Flyball, 8RD, EV 91.9 MPH)
Top of the 4th over - 0 runs, 0 hits, 0 errors, 0 left on base; Stockton 0 - Dunedin 2
BOTTOM OF THE 4TH
Dunedin Blue Jays batting - Pitching for Stockton Ports : RHP Victor Sanchez
Batting: RHB Bill Murray 0-0: Hit by Pitch
Batting: LHB Frank Nelson 0-0: Ball
Bill Murray steals 2nd base
1-0: Called Strike
1-1: Ball
2-1: Ground out U3 (Groundball, 34, EV 81.2 MPH)
Bill Murray to third
Batting: RHB Norm Mercer 0-0: Swinging Strike
0-1: Fly out, F7 (Flyball, 78M, EV 88.8 MPH)
Batting: RHB Tokuji Kawabata 0-0: Foul Ball, location: 2F
0-1: Ball
1-1: Ball
2-1: Fly out, F8 (Flyball, 8RM, EV 87.5 MPH)
Bottom of the 4th over - 0 runs, 0 hits, 0 errors, 1 left on base; Stockton 0 - Dunedin 2
TOP OF THE 5TH
Stockton Ports batting - Pitching for Dunedin Blue Jays : RHP Ron Kehoe
Batting: RHB Chris Temple 0-0: Ball
1-0: Ball
2-0: Swinging Strike
2-1: Foul Ball, location: 2F
2-2: Strikes out swinging
Batting: RHB Manny Moron 0-0: SINGLE (Line Drive, 8RS, EV 95.0 MPH)
Batting: RHB Travis Robinson 0-0: Ball
1-0: Called Strike
1-1: Swinging Strike
1-2: Foul Ball, location: 2F
1-2: Ball
2-2: Foul Ball, location: 2F
2-2: Strikes out swinging
Manny Moron is caught stealing 2nd base 2-4
Batter strikes out.
Top of the 5th over - 0 runs, 1 hit, 0 errors, 0 left on base; Stockton 0 - Dunedin 2
BOTTOM OF THE 5TH
Dunedin Blue Jays batting - Pitching for Stockton Ports : RHP Victor Sanchez
Batting: RHB Taylor Peavey 0-0: Ground out 5-3 (Groundball, 56S, EV 90.6 MPH)
Batting: SHB Dominik Hasek II 0-0: Called Strike
0-1: Ground out 6-3 (Groundball, 6, EV 90.0 MPH)
Batting: RHB Bobby Lasaguna 0-0: Ball
1-0: Ground out 5-3 (Groundball, 56, EV 79.4 MPH)
Bottom of the 5th over - 0 runs, 0 hits, 0 errors, 0 left on base; Stockton 0 - Dunedin 2
TOP OF THE 6TH
Stockton Ports batting - Pitching for Dunedin Blue Jays : RHP Ron Kehoe
Batting: RHB Matt Sherard 0-0: Foul Ball, location: 2F
0-1: Ball
1-1: Fly out, F8 (Flyball, 8RS, EV 90.6 MPH)
Batting: LHB Tomas Segarra 0-0: Ball
1-0: Ball
2-0: Ground out U3 (Groundball, 34S, EV 88.8 MPH)
Batting: RHB Scott Wiggs 0-0: Foul Ball, location: 2F
0-1: Ball
1-1: Foul Ball, location: 2F
1-2: Fly out, F8 (Flyball, 8RD, EV 101.2 MPH)
Top of the 6th over - 0 runs, 0 hits, 0 errors, 0 left on base; Stockton 0 - Dunedin 2
BOTTOM OF THE 6TH
Dunedin Blue Jays batting - Pitching for Stockton Ports : RHP Victor Sanchez
Batting: RHB Justin Geiger 0-0: Ball
1-0: Fly out, F9 (Line Drive, 9S, EV 103.8 MPH)
Batting: LHB Roger Escareno 0-0: Swinging Strike
0-1: Ball
1-1: Ball
2-1: Called Strike
2-2: Strikes out swinging
Batting: RHB Bill Murray 0-0: Hit by Pitch
Batting: LHB Frank Nelson 0-0: Called Strike
0-1: Ball
1-1: Ground out U3 (Groundball, 3L, EV 85.0 MPH)
Bottom of the 6th over - 0 runs, 0 hits, 0 errors, 1 left on base; Stockton 0 - Dunedin 2
TOP OF THE 7TH
Stockton Ports batting - Pitching for Dunedin Blue Jays : RHP Ron Kehoe
Batting: LHB Gregg Power 0-0: Ball
1-0: Fly out, F7 (Flyball, 7LMF, EV 95.6 MPH)
Batting: LHB Alejandro Muniz 0-0: Ball
1-0: Ball
2-0: Swinging Strike
2-1: Ball
3-1: Called Strike
3-2: Strikes out swinging
Batting: LHB Felipe Gomez 0-0: Ball
1-0: Called Strike
1-1: Called Strike
1-2: Strikes out swinging
Top of the 7th over - 0 runs, 0 hits, 0 errors, 0 left on base; Stockton 0 - Dunedin 2
BOTTOM OF THE 7TH
Dunedin Blue Jays batting - Pitching for Stockton Ports : RHP Victor Sanchez
Batting: RHB Norm Mercer 0-0: Ball
1-0: Ball
2-0: Called Strike
2-1: Ground out 1-3 (Groundball, 15S, EV 68.1 MPH)
Batting: RHB Tokuji Kawabata 0-0: Ball
1-0: Ball
2-0: Swinging Strike
2-1: Ball
3-1: Swinging Strike
3-2: Foul Ball, location: 2F
3-2: Foul Ball, location: 2F
3-2: Base on Balls
Batting: RHB Taylor Peavey 0-0: Ball
1-0: Called Strike
Tokuji Kawabata steals 2nd base (no throw)
1-1: Ground out 6-3 (Groundball, 56, EV 87.5 MPH)
Pitching: RHP Jake Gregor
Batting: SHB Dominik Hasek II 0-0: Foul Ball, location: 2F
0-1: Ball
1-1: Ball
2-1: Ground out 6-3 (Groundball, 6, EV 91.9 MPH)
Bottom of the 7th over - 0 runs, 0 hits, 0 errors, 1 left on base; Stockton 0 - Dunedin 2
TOP OF THE 8TH
Stockton Ports batting - Pitching for Dunedin Blue Jays : RHP Ron Kehoe
Now at 2B: Luis Reyes
Batting: RHB Chris Temple 0-0: Foul Ball, location: 2F
0-1: Ball
1-1: Foul Ball, location: 2F
1-2: Ball
2-2: Strikes out swinging
Pitching: RHP Pat Powell
Batting: RHB Manny Moron 0-0: Ball
1-0: Foul Ball, location: 2F
1-1: Foul Ball, location: 2F
1-2: Foul Ball, location: 2F
1-2: Foul Ball, location: 2F
1-2: Foul Ball, location: 2F
1-2: Strikes out swinging
Batting: RHB Travis Robinson 0-0: Ball
1-0: Foul Ball, location: 2F
1-1: Ball
2-1: Swinging Strike
2-2: Foul Ball, location: 2F
2-2: Ball
3-2: Fly out, F8 (Flyball, 8RM, EV 95.6 MPH)
Top of the 8th over - 0 runs, 0 hits, 0 errors, 0 left on base; Stockton 0 - Dunedin 2
BOTTOM OF THE 8TH
Dunedin Blue Jays batting - Pitching for Stockton Ports : RHP Jake Gregor
Batting: RHB Bobby Lasaguna 0-0: Swinging Strike
0-1: Ball
1-1: Ball
2-1: Ball
3-1: Foul Ball, location: 2F
3-2: Strikes out looking
Batting: RHB Justin Geiger 0-0: Ball
1-0: Foul Ball, location: 2F
1-1: Foul Ball, location: 2F
1-2: Strikes out swinging
Batting: LHB Roger Escareno 0-0: Ground out 6-3 (Groundball, 56D, EV 85.6 MPH)
Bottom of the 8th over - 0 runs, 0 hits, 0 errors, 0 left on base; Stockton 0 - Dunedin 2
TOP OF THE 9TH
Stockton Ports batting - Pitching for Dunedin Blue Jays : RHP Pat Powell
Pitching: RHP Matt Still
Now in LF: Jose Ontiveros
Batting: RHB Matt Sherard 0-0: Foul Ball, location: 2F
0-1: Ball
1-1: Foul Ball, location: 2F
1-2: Strikes out swinging
Batting: LHB Tomas Segarra 0-0: Foul Ball, location: 2F
0-1: Foul Ball, location: 2F
0-2: Hit by Pitch
Batting: RHB Scott Wiggs 0-0: Foul Ball, location: 2F
0-1: Called Strike
0-2: Foul Ball, location: 2F
0-2: Fly out, F9 (Flyball, 9LS, EV 80.6 MPH)
Batting: LHB Gregg Power 0-0: Ball
1-0: Foul Ball, location: 2F
1-1: Swinging Strike
1-2: Strikes out looking
Top of the 9th over - 0 runs, 0 hits, 0 errors, 1 left on base; Stockton 0 - Dunedin 2
Tuesday, September 13th , 2022 - OOTP Baseball 23.7 Build 88